Zazza, neutral female human Tourist # ----------- #@k |.........-##### |.<.......|### |.........|# |.........|# |..........# |........`| ----.------ # Zazza the Sightseer Experience level: 4 Strength: 11 Dexterity: 15 Constitution: 12 Intelligence: 11 Wisdom: 9 Charisma: 18 Health: 0(35) Energy: 19(19) Def: 3 Gold: 0 Moves: 2382 Dungeon seed: 0dT9FpdcOxPKAOFr Game ID: Zazza_1581847349 Your Inventory: Weapons a - 38 +2 darts (in quiver) Armor r - an uncursed +1 orcish helm (being worn) y - an uncursed +0 leather jacket (being worn) Comestibles f - an uncursed tripe ration I - 2 uncursed eggs Tools k - an expensive camera (0:60) l - an uncursed credit card o - an uncursed stethoscope z - an uncursed sack Gems q - an uncursed luckstone Contents of the sack: a cursed +0 elven dagger an uncursed +0 Hawaiian shirt an uncursed +0 dwarvish iron helm 2 uncursed eggs 3 uncursed food rations an uncursed slime mold an uncursed scroll of enchant armor 4 uncursed scrolls of magic mapping an uncursed scroll of teleportation an uncursed spellbook of invisibility an uncursed spellbook of magic missile a blessed potion of levitation an uncursed potion of monster detection an uncursed potion of oil 2 uncursed potions of paralysis an uncursed potion of restore ability an uncursed potion of see invisible a cursed potion of sickness an uncursed potion of water a cursed -1 ring of adornment an uncursed leash an uncursed tin whistle an uncursed obsidian stone an uncursed worthless piece of red glass Spells and supernatural/magical abilities: Name Level Category Fail Memory W - pray for help -- divine ? -- Your skills at the end: Fighting Skills Weapon Skills dart [Basic] Spellcasting Skills Final Attributes: You were devoutly aligned. You were unlucky. You had extra luck. Bad luck did not time out for you. Good luck did not time out for you. The Lady was angry with you. You are dead. Vanquished creatures: a rock mole 3 floating eyes 2 giant bats 2 orc zombies a werejackal an acid blob a coyote a hobbit 2 manes a large kobold 2 giant rats a brown mold a yellow mold 2 red molds 3 geckos 7 jackals 2 goblins 5 grid bugs a bat 2 lichens 5 newts 46 creatures vanquished. Voluntary challenges: You never hit with a wielded weapon. You read items or engraved 10 times, starting on turn 146. You never genocided any monsters. You never polymorphed an object. You changed form 1 time, starting on turn 1783. You used no wishes. You never split a pudding. You wrote Elbereth's name 3 times, starting on turn 1947. You never violated your personal moral code. Dungeon overview: The Dungeons of Doom: levels 1 to 6 Level 1 a long staircase Level 2 a scroll shop, a fountain Level 3 an altar to Blind Io, a fountain a long staircase Level 4 Level 5 a potion shop, a sink Level 6 <- You were here History has recorded: On T:1 you entered the Dungeons of Doom to retrieve the Amulet of Yendor! On T:308 you reached level 2 of The Dungeons of Doom. On T:685 you reached level 3 of The Dungeons of Doom. On T:1061 you advanced to experience level 2. On T:1346 you advanced to experience level 3. On T:1391 you reached level 4 of The Dungeons of Doom. On T:1809 you reached level 5 of The Dungeons of Doom. On T:2289 you reached level 6 of The Dungeons of Doom. On T:2301 you advanced to experience level 4. Score breakdown: Gold: 0 ( 0 points) Experience: 4 levels ( 9649 points) Exploration: 6 levels ( 12.24%) ( 9682 points) Discoveries: 2 items ( 0.67%) ( 2457 points) Valuables value: (no points given unless you survive) Artifact value: 0 ( 0 points) Variety of kills: 21 monsters ( 5.51%) ( 7043 points) Turncount: 2382 turns ( -259 points) Survival: died (score multiplied by 80%) Total score: 22857 Latest messages: The dart misses the floating eye. You hear a gurgling noise. You kill the floating eye! Welcome to experience level 4. a - 3 +2 darts (in quiver). Click! You trigger a rolling boulder trap! Fortunately for you, no boulder was released. You hear bubbling water. The door resists! (2x) The door opens. The kobold lord hits! You hit the kobold lord. The kobold lord hits! You hit the kobold lord. You miss the kobold lord. The kobold lord hits! You miss the kobold lord. You hit the kobold lord. The kobold lord hits! You die... Final status: Aloha Zazza the Tourist, killed by a kobold lord... You died in The Dungeons of Doom on dungeon level 6 with 22857 points, and 0 pieces of gold, after 2382 moves. You were level 4 with a maximum of 35 hit points when you died.